 Dungeon Crawl Stone Soup version 0.29.1-1-gd02db6906a (webtiles) character file.

Game seed: 2846636263454219804

36 christhawk the Chopper (level 3, -12/27 HPs)
             Began as a Demonspawn Gladiator on Sept 24, 2022.
             Mangled by Crazy Yiuf
             ... wielding a +3 quarterstaff of chaos
              (18 damage)
             ... on level 2 of the Dungeon.
             The game lasted 00:03:31 (2126 turns).

christhawk the Chopper (Demonspawn Gladiator)       Turns: 2126, Time: 00:03:32

Health: -12/27     AC:  6    Str: 16    XL:     3   Next: 19%
Magic:  3/3        EV: 12    Int:  9    God:
Gold:   94         SH:  0    Dex: 14    Spells: 2/2 levels left

rFire   . . .      SeeInvis .   a - +0 war axe
rCold   . . .      Faith    .   (no shield)
rNeg    . . .      Spirit   .   b - +0 leather armour
rPois   .          Reflect  .   c - +0 helmet
rElec   .          Harm     .   j - +0 cloak
rCorr   .          Rampage  .   (no gloves)
Will    .....                   f - +0 pair of boots
Stlth   +.........              (no amulet)
HPRegen 0.09/turn               (no ring)
MPRegen 0.08/turn               (no ring)

@: no status effects
A: ignite blood 1
a: no special abilities


You were on level 2 of the Dungeon.
You visited 1 branch of the dungeon, and saw 2 of its levels.

You collected 94 gold pieces.

Inventory:

Hand Weapons
 a - a +0 war axe (weapon)
Missiles
 e - a javelin (quivered)
Armour
 b - a +0 leather armour (worn)
 c - a +0 helmet (worn)
 f - a +0 pair of boots (worn)
 j - a +0 cloak (worn)
Jewellery
 d - a ring of wizardry
Scrolls
 k - a scroll of teleportation
Potions
 h - a potion of lignification
 i - 2 potions of heal wounds
 l - a potion of curing


   Skills:
 + Level 2.1 Fighting
 + Level 3.3 Axes
 + Level 1.9 Throwing
 + Level 0.6 Armour
 + Level 3.0 Dodging


You had 2 spell levels left.
You didn't know any spells.
Your spell library contained the following spells:

 Spells                   Type           Power      Damage    Failure   Level
 Magic Dart               Conj           0%         1d3       45%         1
 Call Imp                 Summ           0%         N/A       58%         2
 Dazzling Flash           Conj/Hex       0%         N/A       83%         3
 Mephitic Cloud           Conj/Pois/Air  0%         N/A       83%         3
 Iskenderun's Mystic Bla  Conj/Tloc      0%         2d3       99%         4
 Starburst                Conj/Fire      0%         6d3       100%        6


Dungeon Overview and Level Annotations

Branches:
Dungeon (2/15)

Altars:
Ashenzari

Annotations:
D:2 Crazy Yiuf


Innate Abilities, Weirdness & Mutations

Your demonic aura sometimes causes spilled blood to erupt in flames.


Message History

l - a scroll labelled SIGIHO MUKHIO Blink to where?
Press: ? - help, Dir - move target, f - you Are you sure you want to cancel this blink? [Y]es or [N]o only, please.
Are you sure you want to cancel this blink?
Blink to where?
Press: ? - help, Dir - move target
As you read the scroll labelled SIGIHO MUKHIO, it crumbles to dust.
It was a scroll of blinking.
There is a stone staircase leading down here.
A rat comes into view.
You barely miss the rat. The rat closely misses you. The rat barely misses you.
You slash the rat!
You kill the rat!
l - an orange potion
As you read the scroll of identify, it crumbles to dust.
l - a potion of curing
Found a hammer.
Found a runed translucent door.
Crazy Yiuf shouts!
As you open the door, it creaks loudly!
You hit Crazy Yiuf.
Crazy Yiuf is lightly wounded.
Crazy Yiuf drinks a potion.
Crazy Yiuf seems to grow stronger.
You hit Crazy Yiuf but do no damage.
Crazy Yiuf is lightly wounded.
Crazy Yiuf barely misses you. Crazy Yiuf closely misses you.
You hit Crazy Yiuf.
Crazy Yiuf is moderately wounded.
Crazy Yiuf hits you with a +3 quarterstaff of chaos!
Ouch! That really hurt!
Crazy Yiuf freezes you.
* * * LOW HITPOINT WARNING * * *
You barely miss Crazy Yiuf.
Crazy Yiuf is moderately wounded.
Crazy Yiuf is engulfed in blazing flames.
Crazy Yiuf cries, "You leg down broken song, no?"
Crazy Yiuf hits you with a +3 quarterstaff of chaos!!
Ouch! That really hurt!
You die...

#.####.....######.####.#.
#.# ####### #.# .#. #.#
#.# .#. #.# ##### ... .#.
#. #..)# #.# #. #. #...#
#.# ####. .. ... #.#
#.... #g# #.# #.##. ##@#
#.# #.##. #.## #.# #.#..
##.# ####.###.#.. #.##
#........... ##.##
#.#......... #..P##
#...####.### #.P.P# #..##
#.# #....# #.## #..
##..#####.# ####


You could see Crazy Yiuf (strong).

Vanquished Creatures
  A worm (D:2)
  3 bats (D:1)
  4 endoplasms
  A goblin (D:1)
  3 hobgoblins (D:1)
  3 jackals (D:1)
  2 kobolds (D:1)
  3 quokkas
  3 ball pythons (D:1)
  A frilled lizard (D:1)
  3 rats
27 creatures vanquished.

Notes
Turn   | Place    | Note
-------+----------+-------------------------------------------
     0 | D:1      | christhawk the Demonspawn Gladiator began the quest for the
                  | Orb.
     0 | D:1      | Reached XP level 1. HP: 16/16 MP: 1/1
   165 | D:1      | Gained mutation: Your demonic aura sometimes causes spilled
                  | blood to erupt in flames. [demonic ancestry]
   165 | D:1      | Reached XP level 2. HP: 9/22 MP: 2/2
   564 | D:1      | Found a faded altar of an unknown god.
  1205 | D:1      | Reached XP level 3. HP: 26/27 MP: 3/3
  1713 | D:2      | Found a broken altar of Ashenzari.
  2118 | D:2      | Found a runed translucent door.
  2119 | D:2      | Noticed Crazy Yiuf
  2126 | D:2      | Mangled by Crazy Yiuf

Illustrated notes

Levels and vault maps discovered:
D:1:      onia_arrival_mini_maze_b, layout_basic, basic_ecumenical_altar
D:2:      layout_loops_ring, basic_altar, uniq_crazy_yiuf_cottage, uniq_robin,
          uniq_jessica

Skill      XL: |  1  2 |
---------------+-------+-----
Axes           | 3 |  3.3
Dodging        | 3 |  3.0
Fighting       | |  2.1
Throwing       | |  1.9
Armour         | |  0.6

Action                   || total
-------------------------++-------
Melee: War axe           ||    80
Throw: Javelin           ||     2
  Use: Scroll            ||     7
 Stab: Sleeping          ||     1
Armor: Leather armour    ||    32
Dodge: Dodged            ||    53
